 Dungeon Sprint DCSS version 0.23-a0-690-g0a1fc62 (webtiles) character file.

2065 emperorscorpion the Unseen (level 9, -3/72 HPs)
             Began as a Vampire Assassin on Jan 11, 2019.
             Was a Priest of Okawaru.
             Slain by a blink frog (17 damage)
             ... in the Dungeon (Sprint IX: "|||||||||||||||||||||||||||||").
             The game lasted 00:03:14 (726 turns).

emperorscorpion the Unseen (Vampire Assassin)        Turns: 726, Time: 00:03:15

Health: -3/72      AC:  5    Str: 13    XL:     9   Next: 5%
Magic:  7/11       EV: 16    Int: 14    God:    Okawaru [***...]
Gold:   7          SH:  0    Dex: 18    Spells: 8/8 levels left

rFire    . . .     SeeInvis +   a - +4 rapier (elec)
rCold    . . .     Gourm    .   (no shield)
rNeg     . . .     Faith    .   c - +0 robe
rPois    .         Spirit   .   (no helmet)
rElec    .         Reflect  .   d - +0 cloak
rCorr    .         Harm     .   (no gloves)
MR       .....     NoTele   +   (no boots)
Stlth    ++++++++..             (no amulet)
HPRegen  0.42/turn              u - +3 ring of strength
MPRegen  0.12/turn              v - +2 ring of protection

@: regenerating quickly
A: fangs 3, see invisible, unbreathing
a: Heroism, Renounce Religion


You were in the Dungeon.
You worshipped Okawaru.
Okawaru was most pleased with you.
You were full.

You visited 1 branch You collected 7 gold pieces.

Inventory:

Hand Weapons
 a - a +4 rapier of electrocution (weapon)
 b - a +0 blowgun
 r - a +2 dagger
Missiles
 e - 8 poisoned needles
 f - 2 curare-tipped needles
Armour
 c - a +0 robe (worn)
 d - a +0 cloak (worn)
 s - a +0 cloak
 t - a +1 chain mail
Magical Staves
 q - an uncursed staff of energy
Jewellery
 u - a +3 ring of strength (left hand)
 v - a +2 ring of protection (right hand)
Wands
 p - a wand of acid (1)
Scrolls
 m - 2 scrolls of blinking
 n - 3 scrolls of remove curse
 o - 2 scrolls of amnesia
 A - 4 scrolls of enchant weapon
 B - a scroll of fog
 C - a scroll of fear
Potions
 g - 2 potions of blood
 h - 7 potions of curing
 i - 3 potions of heal wounds
 j - 2 potions of haste
 k - 4 potions of magic
 l - a potion of invisibility
 w - a potion of berserk rage
 x - a potion of agility
 z - a potion of might
Miscellaneous
 y - a phial of floods


   Skills:
 + Level 7.4 Fighting
 + Level 10.5 Short Blades
 + Level 4.0 Throwing
 + Level 5.5 Dodging
 + Level 20.6 Stealth
 + Level 0.2 Invocations
 + Level 3.2 Evocations


You had 8 spell levels left.
You didn't know any spells.
Your spell library was empty.

Dungeon Overview and Level Annotations

Branches:
Dungeon (1/1)

Altars:
Cheibriados
Dithmenos
Elyvilon
Fedhas
Gozag
Hepliaklqana
Kikubaaqudgha
Makhleb
Nemelex Xobeh
Okawaru
Qazlal
Ru
Sif Muna
Trog
Uskayaw
Vehumet
Wu Jian
Xom
Yredelemnul
Zin
The Shining One
Beogh
Jiyva
Lugonu


Innate Abilities, Weirdness & Mutations

Your natural rate of healing is unusually fast.
You have razor-sharp teeth.
You have supernaturally acute eyesight. (SInv)
You can survive without breathing.


Message History

Unknown command.
Yummy - fresh blood!
You are struck by the porcupine's spines.
* * * LOW HITPOINT WARNING * * *
You puncture the porcupine!
The porcupine is severely wounded.
You feel like a meek peon again. The porcupine bites you.
* * * LOW HITPOINT WARNING * * *
You puncture the porcupine!
You kill the porcupine!
Okawaru accepts your kill.
You miss the blink frog. You bite the blink frog.
The blink frog is lightly wounded.
The blink frog barely misses you.
You puncture the blink frog!
Lightning courses through the blink frog!
The blink frog is almost dead.
The blink frog hits you!
You die...

▓_▓.▓
▓_▓.▓.▓
▓_▓.▓.▓
▓_▓.▓.▓
▓_▓.▓.▓
▓_▓.▓.▓
▓_▓.▓.▓
▓_▓.▓F▓
▓_▓.▓@▓
▓_▓.▓.▓
▓_▓.▓.▓
▓_▓.▓.▓
▓_▓.▓.▓
▓'▓.▓.▓
▓.▓.▓(▓
▓.▓.▓.▓
▓.▓.▓.▓


You could see a blink frog.

Vanquished Creatures
  A black mamba (D)
  A kobold demonologist (D)
  A yak (D)
  2 water moccasins (D)
  An orc warrior (D)
  2 porcupines (D)
  A sky beast (D)
  2 ice beasts (D)
  A wolf (D)
  2 centaurs (D)
  A crocodile (D)
  A bullfrog (D)
  A crimson imp (D)
  A jelly (D)
  An iguana (D)
  3 worker ants (D)
  2 orcs (D)
  2 bats (D)
  A kobold (D)
  2 goblins (D)
  A jackal skeleton (D)
30 creatures vanquished.

Notes
Turn   | Place    | Note
-------+----------+-------------------------------------------
     0 | D        | emperorscorpion the Vampire Assassin began the quest for
                  | the Orb.
     0 | D        | Reached XP level 1. HP: 16/16 MP: 1/1
     8 | D        | Reached skill level 6 in Stealth
    21 | D        | Reached skill level 7 in Stealth
   203 | D        | Noticed a centaur
   203 | D        | Noticed an ice beast
   203 | D        | Noticed a centaur
   205 | D        | Killed a centaur
   205 | D        | Reached skill level 11 in Stealth
   205 | D        | Reached XP level 2. HP: 24/24 MP: 2/2
   205 | D        | Reached XP level 3. HP: 29/29 MP: 3/3
   205 | D        | Reached XP level 4. HP: 35/35 MP: 4/4
   318 | D        | Killed an ice beast
   318 | D        | Reached skill level 5 in Short Blades
   318 | D        | Reached skill level 13 in Stealth
   318 | D        | Reached XP level 5. HP: 39/42 MP: 5/5
   325 | D        | Killed a centaur
   325 | D        | Reached skill level 14 in Stealth
   343 | D        | Found a roughly hewn altar of Beogh.
   343 | D        | Found a snail-covered altar of Cheibriados.
   343 | D        | Found a shadowy altar of Dithmenos.
   343 | D        | Found a white marble altar of Elyvilon.
   343 | D        | Found a blossoming altar of Fedhas.
   343 | D        | Found an opulent altar of Gozag.
   344 | D        | Found a hazy altar of Hepliaklqana.
   345 | D        | Found a viscous altar of Jiyva.
   346 | D        | Found an ancient bone altar of Kikubaaqudgha.
   347 | D        | Found a corrupted altar of Lugonu.
   348 | D        | Found a burning altar of Makhleb.
   349 | D        | Found a sparkling altar of Nemelex Xobeh.
   350 | D        | Found an iron altar of Okawaru.
   351 | D        | Found a stormy altar of Qazlal.
   352 | D        | Found a sacrificial altar of Ru.
   353 | D        | Found a deep blue altar of Sif Muna.
   354 | D        | Found a bloodstained altar of Trog.
   355 | D        | Found a hide-covered altar of Uskayaw.
   356 | D        | Found a radiant altar of Vehumet.
   357 | D        | Found an ornate altar of the Wu Jian Council.
   358 | D        | Became a worshipper of Warmaster Okawaru
   359 | D        | Found a shimmering altar of Xom.
   360 | D        | Found a basalt altar of Yredelemnul.
   361 | D        | Found a glowing silver altar of Zin.
   362 | D        | Found a glowing golden altar of the Shining One.
   471 | D        | Noticed a sky beast
   475 | D        | Reached skill level 15 in Stealth
   475 | D        | Reached XP level 6. HP: 49/49 MP: 6/6
   482 | D        | Killed a sky beast
   482 | D        | Reached skill level 5 in Fighting
   482 | D        | Reached skill level 16 in Stealth
   550 | D        | Noticed a kobold demonologist
   550 | D        | Noticed an ice beast
   550 | D        | Noticed a yak
   550 | D        | Noticed an orc warrior
   552 | D        | Reached * piety under Okawaru
   554 | D        | Killed an orc warrior
   554 | D        | Reached skill level 17 in Stealth
   554 | D        | Reached XP level 7. HP: 23/57 MP: 7/7
   557 | D        | Noticed an orange demon
   557 | D        | Killed a yak
   557 | D        | Reached skill level 18 in Stealth
   558 | D        | Reached skill level 1 in Evocations
   560 | D        | Killed a kobold demonologist
   560 | D        | Reached ** piety under Okawaru
   560 | D        | Reached skill level 19 in Stealth
   560 | D        | Reached XP level 8. HP: 17/65 MP: 7/9
   681 | D        | Noticed a black mamba
   683 | D        | Killed a black mamba
   683 | D        | Reached skill level 5 in Dodging
   684 | D        | Noticed a blink frog
   694 | D        | Reached skill level 20 in Stealth
   709 | D        | Reached skill level 10 in Short Blades
   719 | D        | Reached *** piety under Okawaru
   721 | D        | Reached XP level 9. HP: 28/72 MP: 7/11
   726 | D        | Slain by a blink frog

Vault maps used:
D:        linesprint

Skill      XL: |  1  2  3  4  5  6  7  8 |
---------------+-------------------------+-----
Stealth        | 11 13 15 17 19 20 | 20.6
Fighting       | 3 4 5 6 7 |  7.4
Short Blades   | 4 5 6 7 8 10 | 10.5
Throwing       | 2 3 4 |  4.0
Dodging        | 2 3 4 5 |  5.5
Evocations     | 1 3 |  3.2
Invocations    | |  0.2

Action                   |  1- 3 |  4- 6 |  7- 9 || total
-------------------------+-------+-------+-------++-------
Melee: Dagger            |    23 |    11 |       ||    34
       Bite              |       |     5 |     3 ||     8
       Rapier            |       |    12 |    43 ||    55
Invok: Heroism           |       |       |     2 ||     2
Evoke: Wand              |       |     4 |     5 ||     9
  Use: Potion            |       |     1 |     5 ||     6
       Scroll            |       |       |     2 ||     2
 Stab: Sleeping          |     1 |     3 |     1 ||     5
Armor: Robe              |     6 |     2 |     1 ||     9
Dodge: Dodged            |    14 |     7 |    20 ||    41

Table legend:
 A = Non-vault XP
 B = Vault XP
 C = Vault XP percentage of total XP
 D = Non-vault monster count
 E = Vault monster count
 F = Vault count percentage of total count
                 A         B        C        D         E       F
            +---------+---------+-------+---------+---------+-------
      Total |       0 |    2951 | 100.0 |       0 |      30 | 100.0
            +---------+---------+-------+---------+---------+-------
          D |       0 |    2951 | 100.0 |       0 |      30 | 100.0
            +---------+---------+-------+---------+---------+-------
